 Dungeon Crawl Stone Soup version 0.20.1-1-g8b1a95d (webtiles) character file.

621 Gremour the Carver (level 7, -1/56 (57) HPs)
             Began as a Minotaur Monk on Oct 30, 2017.
             Killed by divine providence
             ... invoked by an orc priest
              (12 damage)
             ... on level 4 of the Dungeon.
             The game lasted 00:17:28 (3095 turns).

Gremour the Carver (Minotaur Monk)                  Turns: 3095, Time: 00:17:28

HP:   -1/56 (57)    AC: 13    Str: 16    XL:     7   Next: 22%
MP:   6/6           EV:  7    Int:  7    God:
Gold: 175           SH:  3    Dex: 14    Spells: 6/6 levels left

rFire    . . .     SeeInvis .   a - +1 falchion
rCold    . . .     Gourm    .   p - +0 buckler
rNeg     . . .     Faith    .   h - +0 chain mail
rPois    .         Spirit   .   (helmet restricted)
rElec    .         Reflect  .   (no cloak)
rCorr    .         Harm     .   m - +2 pair of gloves
MR       +....                  (no boots)
Stlth    ..........             (no amulet)
Regen    0.6/turn               e - ring of protection from magic
MPRegen  0.1/turn               l - ring "Guefikud" {Wiz +Blink}

@: no status effects
A: retaliatory headbutt, horns 2, iridescent scales 1, regeneration 1
a: Evoke Blink


You were on level 4 of the Dungeon.
You were not hungry.

You visited 1 branch of the dungeon, and saw 4 of its levels.

You collected 175 gold pieces.

Inventory:

Hand Weapons
 a - a +1 falchion (weapon)
Armour
 h - a +0 chain mail (worn)
 m - a +2 pair of gloves (worn)
 p - a +0 buckler (worn)
Magical Staves
 k - an uncursed staff of power
Jewellery
 e - a ring of protection from magic (left hand)
 l - the ring "Guefikud" (right hand) {Wiz +Blink}
   (You found it on level 3 of the Dungeon)

   [ring of wizardry]

   It improves your spell success rate.
   It lets you blink.
Scrolls
 f - a scroll of blinking
 g - a scroll of enchant weapon
 i - 2 scrolls of remove curse
 o - 2 scrolls of identify
Potions
 w - a potion of invisibility {unknown}
Comestibles
 c - 5 bread rations
 d - 2 meat rations
 s - 2 fruits


   Skills:
 - Level 3.6 Fighting
 * Level 10.0 Long Blades
 - Level 3.2 Dodging
 - Level 1.5 Stealth


You had 6 spell levels left.
You didn't know any spells.

Dungeon Overview and Level Annotations

Branches:
Dungeon (4/15)
 Temple: D:4-7

Altars:
Cheibriados
Kikubaaqudgha
Makhleb
Yredelemnul

Annotations:
D:4 Jazqa's ghost, amateur TrBe


Innate Abilities, Weirdness & Mutations

You reflexively headbutt those who attack you in melee.
You have a pair of horns on your head.
You are partially covered in iridescent scales. (AC +2)
Your natural rate of healing is unusually fast.


Message History

You block the orc priest's attack. The orc hits you but does no damage.
You closely miss the orc priest.
The orc priest hits you but does no damage.
The orc barely misses you.
You riposte.
Your shield and chain mail prevent you from hitting the orc.
You hit the orc priest.
The orc priest is lightly wounded.
The orc priest invokes the aid of Beogh against you.
Beogh smites you!
* * * LOW HITPOINT WARNING * * *
It was a potion of mutation.
You feel extremely strange.
You begin to heal more quickly.
Your vision blurs.
Your vision sharpens.
Iridescent scales grow over part of your body.
The orc hits you but does no damage. Jazqa's ghost hits you.
* * * LOW HITPOINT WARNING * * *
The orc priest begins to cast a cantrip, but forgets the words!
The orc priest casts a cantrip, but nothing happens.
The orc priest invokes the aid of Beogh against you.
Beogh smites you!
You die...

#.........####...........
#................##..#...
###................##......
##'#................#......O
#...............O...#.......
#...................#.......
#####..............o....#.......
#...'...........Wo......#....###
#.###..........@........#.......
#.# ####......#.........#......?
#.# ###..†...##...#...##.......
#.# #........##...#............
#.# ##........##...#....)†......
#.# #.........##...##....?......
#.###.........##..........o.....
#......................#........
######....##....................


You could see an ogre, an orc priest, Jazqa's ghost and an orc.

Vanquished Creatures
  Menkaure (D:3)
  Purgy (D:3)
  A necrophage (D:3)
  A jelly (D:4)
  2 hounds (D:4)
  2 orc wizards (D:3)
  A worker ant (D:4)
  Natasha (D:2)
  4 gnolls
  2 adders (D:3)
  4 worms
  A dart slug (D:2)
  A leopard gecko (D:1)
  3 orcs
  A ball python (D:1)
  3 giant cockroaches
  3 goblins
  6 hobgoblins
  A quokka (D:3)
  7 bats
  3 frilled lizards
  10 kobolds
  A quokka zombie (D:3)
  7 rats
67 creatures vanquished.

Vanquished Creatures (others)
  An orc wizard (D:3)
1 creature vanquished.

Grand Total: 68 creatures vanquished

Notes
Turn   | Place    | Note
-------+----------+-------------------------------------------
     0 | D:1      | Gremour the Minotaur Monk began the quest for the Orb.
     0 | D:1      | Reached XP level 1. HP: 19/19 MP: 0/0
    39 | D:1      | Reached skill level 4 in Long Blades
    60 | D:1      | Reached XP level 2. HP: 17/26 MP: 1/1
   328 | D:1      | Reached skill level 5 in Long Blades
   454 | D:1      | Reached XP level 3. HP: 31/31 MP: 2/2
  1055 | D:2      | Noticed Natasha
  1066 | D:2      | Killed Natasha
  1066 | D:2      | Reached XP level 4. HP: 29/39 MP: 3/3
  1136 | D:2      | Reached skill level 6 in Long Blades
  1697 | D:3      | Noticed Purgy
  1720 | D:3      | Killed Purgy
  1720 | D:3      | Reached skill level 7 in Long Blades
  1720 | D:3      | Reached XP level 5. HP: 20/45 MP: 4/4
  1746 | D:3      | Reached skill level 8 in Long Blades
  2142 | D:3      | Found a burning altar of Makhleb.
  2146 | D:3      | Found a snail-covered altar of Cheibriados.
  2254 | D:3      | Reached XP level 6. HP: 42/51 MP: 5/5
  2442 | D:3      | Found a transporter.
  2444 | D:3      | Found a transporter.
  2458 | D:3      | Found an ancient bone altar of Kikubaaqudgha.
  2462 | D:3      | Noticed Menkaure
  2468 | D:3      | Found a basalt altar of Yredelemnul.
  2537 | D:3      | Killed Menkaure
  2537 | D:3      | Reached skill level 9 in Long Blades
  2622 | D:3      | Got a coiled granite ring
  2624 | D:3      | Identified the ring "Guefikud" {Wiz +Blink} (You found it on level 3 of the Dungeon)
  2969 | D:4      | Reached XP level 7. HP: 55/56 MP: 6/6
  3037 | D:4      | Noticed Jazqa's ghost (amateur TrBe)
  3040 | D:4      | Reached skill level 10 in Long Blades
  3089 | D:4      | Gained mutation: Your natural rate of healing is unusually fast. [potion of mutation]
  3089 | D:4      | Gained mutation: Scrolls take you a little longer to read. [potion of mutation]
  3089 | D:4      | Lost mutation: Scrolls take you a little longer to read. [potion of mutation]
  3089 | D:4      | Gained mutation: You are partially covered in iridescent scales. (AC +2) [potion of mutation]
  3095 | D:4      | Killed from afar by an orc priest

Skill      XL: |  1  2  3  4  5  6  7 |
---------------+----------------------+-----
Long Blades    | 4 5 7 8 9 10 | 10.0
Fighting       | |  3.6
Dodging        | |  3.2
Stealth        | |  1.5

Action                   |  1- 3 |  4- 6 |  7- 9 || total
-------------------------+-------+-------+-------++-------
Melee: Falchion          |    51 |   119 |    24 ||   194
       Headbutt          |    16 |    23 |     7 ||    46
 Abil: Evoke Blink       |       |       |     1 ||     1
  Use: Potion            |       |     5 |     1 ||     6
       Scroll            |       |    10 |     1 ||    11
 Stab: Sleeping          |     1 |       |       ||     1
       Distracted        |       |     1 |       ||     1
  Eat: Chunk             |       |     5 |       ||     5
       Meat ration       |       |     1 |       ||     1
Armor: Robe              |     6 |       |       ||     6
       Chain mail        |    19 |    62 |    11 ||    92
       Skin              |       |    11 |       ||    11
Dodge: Dodged            |    23 |    46 |     7 ||    76
Block: Buckler           |       |    14 |     3 ||    17
       Rpst.: Falchion   |     5 |    10 |     4 ||    19
